 Dungeon Crawl Stone Soup version 0.27-a0-1196-g3e9cee4cb2 (webtiles) character file.

Game seed: 18074121534201412510

9 Ijustatesigmund the Skirmisher (level 2, -2/24 HPs)
             Began as a Demonspawn Fighter on May 27, 2021.
             Slain by a goblin
             ... wielding a +0 club
              (4 damage)
             ... on level 1 of the Dungeon.
             The game lasted 00:00:18 (27 turns).

Ijustatesigmund the Skirmisher (Demonspawn Fighter)   Turns: 27, Time: 00:00:19

Health: -2/24      AC:  6    Str: 16    XL:     2   Next: 3%
Magic:  2/2        EV:  6    Int:  9    God:
Gold:   0          SH:  8    Dex: 12    Spells: 1/1 levels left

rFire    . . .     SeeInvis .   a - +0 war axe
rCold    . . .     Faith    .   c - +0 kite shield
rNeg     . . .     Spirit   .   b - +0 scale mail
rPois    .         Reflect  .   (no helmet)
rElec    .         Harm     .   (no cloak)
rCorr    .         Rampage  .   (no gloves)
Will     .....                  (no boots)
Stlth    ..........             (no amulet)
HPRegen  0.08/turn              (no ring)
MPRegen  0.08/turn              (no ring)

@: no status effects
A: talons 1
a: no special abilities


You were on level 1 of the Dungeon.
You visited 1 branch of the dungeon, and saw 1 of its levels.

Inventory:

Hand Weapons
 a - a +0 war axe (weapon)
Armour
 b - a +0 scale mail (worn)
 c - a +0 kite shield (worn)
Scrolls
 e - a scroll of identify {unknown}
Potions
 d - a potion of might


   Skills:
 + Level 3.2 Fighting
 * Level 2.3 Axes
 - Level 2.6 Armour
 - Level 2.6 Shields


You had one spell level left.
You didn't know any spells.
Your spell library was empty.

Dungeon Overview and Level Annotations

Branches:
Dungeon (1/15)

Altars:


Innate Abilities, Weirdness & Mutations

You have sharp toenails.


Message History

You barely miss the kobold. You hit the jackal.
The kobold hits you with a +0 club. You block the jackal's attack.
You block the kobold's attack.
The jackal bites you but does no damage.
The goblin hits you with a +0 club.
You hit the jackal but do no damage.
The jackal is almost dead.
You barely miss the kobold. You barely miss the goblin.
You block the jackal's attack. The kobold hits you with a +0 club.
The goblin barely misses you. The jackal barely misses you.
The kobold hits you with a +0 club.
* * * LOW HITPOINT WARNING * * *
You closely miss the kobold. You slash the jackal!
You kill the jackal!
You hit the goblin. The goblin hits you but does no damage.
The kobold hits you with a +0 club.
* * * LOW HITPOINT WARNING * * *
You block the goblin's attack.
You have reached level 2!
Your demonic ancestry asserts itself...
Your toenails lengthen and sharpen.
You closely miss the goblin.
The goblin is heavily wounded.
You hit the kobold.
You kill the kobold!
The goblin closely misses you.
You hit the goblin but do no damage.
The goblin is heavily wounded.
You block the goblin's attack. The goblin barely misses you.
You barely miss the goblin. Your kick misses the goblin.
The goblin is heavily wounded.
The goblin barely misses you. The goblin hits you with a +0 club.
* * * LOW HITPOINT WARNING * * *
You closely miss the goblin.
The goblin is heavily wounded.
You block the goblin's attack.
Your shield prevents you from hitting the goblin.
The goblin is heavily wounded.
The goblin hits you with a +0 club.
You die...

##. ... .... .....
##..... ....$ ##g.#
############@).#
##............†.###
#...§(≈§≈≈≈.........
#....≈≈≈§≈≈≈......>..
#<..§§≈!§)≈≈......#..
#....≈≈§§≈§≈....#....
#.....≈§§§≈.....#.##.
##..........$.....?
############....##


You could see a goblin.

Vanquished Creatures
  An endoplasm (D:1)
  A hobgoblin (D:1)
  4 jackals (D:1)
  A kobold (D:1)
7 creatures vanquished.

Notes
Turn   | Place    | Note
-------+----------+-------------------------------------------
     0 | D:1      | Ijustatesigmund the Demonspawn Fighter began the quest for
                  | the Orb.
     0 | D:1      | Reached XP level 1. HP: 18/18 MP: 1/1
    23 | D:1      | Gained mutation: You have sharp toenails. [demonic
                  | ancestry]
    23 | D:1      | Reached XP level 2. HP: 3/24 MP: 2/2
    27 | D:1      | Slain by a goblin

Illustrated notes

Levels and vault maps discovered:
D:1:      lemuel_arrival_lava_pool, layout_loops_cross,
          shapermc_ecumenical_altar_flowoftime

Skill      XL: |  1 |
---------------+----+-----
Axes           | 2 |  2.3
Fighting       | |  3.2
Armour         | |  2.6
Shields        | |  2.6

Action                   || total
-------------------------++-------
Melee: War axe           ||    15
Armor: Scale mail        ||    15
Dodge: Dodged            ||    19
Block: Kite shield       ||    16

Table legend: (Time is in decaauts)
 A = Elapsed time spent in this place.
 B = Non-inter-level travel time spent in this place.
 C = Inter-level travel time spent in this place.
 D = Time resting spent in this place.
 E = Time spent auto-exploring this place.
 F = Levels seen in this place.
 G = Mean time per level.
                   A        B        C        D        E       F      G
               +--------+--------+--------+--------+--------+-----+--------+
         Total |     36 |     36 |      0 |      0 |      8 |   1 |   36.0 |
       Dungeon |     36 |     36 |      0 |      0 |      8 |   1 |   36.0 |
               +--------+--------+--------+--------+--------+-----+--------+

Top non-repeatable levels by time:
     D:1: 36 daAuts
